 Dungeon Crawl Stone Soup version 0.23.1-37-gaa34b87 (webtiles) character file.

Game seed: 614462443509454441

105 Fang the Skirmisher (level 4, -2/29 HPs)
             Began as a Gargoyle Berserker on Mar 20, 2019.
             Was a Believer of Trog.
             Slain by a gnoll
             ... wielding a cursed -1 whip
              (3 damage)
             ... on level 2 of the Dungeon.
             The game lasted 00:01:05 (1905 turns).

Fang the Skirmisher (Gargoyle Berserker)            Turns: 1905, Time: 00:01:05

Health: -2/29      AC: 12    Str: 22    XL:     4   Next: 83%
Magic:  4/4        EV:  8    Int:  7    God:    Trog [**....]
Gold:   76         SH:  0    Dex:  9    Spells: 3/3 levels left

rFire    . . .     SeeInvis .   a - +0 hand axe
rCold    . . .     Gourm    .   (no shield)
rNeg     + . .     Faith    .   j - +0 chain mail
rPois    ∞         Spirit   .   (no helmet)
rElec    +         Reflect  .   (no cloak)
rCorr    .         Harm     .   (no gloves)
MR       .....                  (no boots)
Stlth    ..........             g - amulet of rage
HPRegen  0.09/turn              (no ring)
MPRegen  0.09/turn              (no ring)

@: berserk cooldown, slowed, very slow
A: negative energy resistance 1, electricity resistance, unbreathing,
petrification resistance, rot immunity, AC +3
a: Berserk, Trog's Hand, Renounce Religion, Evoke Berserk Rage


You were on level 2 of the Dungeon.
You worshipped Trog.
Trog was pleased with you.
You were very hungry.

You visited 1 branch of the dungeon, and saw 2 of its levels.

You collected 76 gold pieces.

Inventory:

Hand Weapons
 a - a +0 hand axe (weapon)
Armour
 j - a +0 chain mail (worn)
Jewellery
 g - an amulet of rage (around neck)
Scrolls
 d - a scroll of enchant weapon {unknown}
 f - a scroll of magic mapping {unknown}
 l - a scroll of amnesia {unknown}
Potions
 e - 4 potions of curing {unknown}
 h - a potion of heal wounds {unknown}
 i - a potion of ambrosia {unknown}
 k - a potion of flight {unknown}
Comestibles
 b - 3 chunks of flesh
 c - 4 rations


   Skills:
 + Level 4.1 Fighting
 + Level 3.3 Axes
 + Level 3.2 Armour
 + Level 2.3 Dodging


You had 3 spell levels left.
You didn't know any spells.
Your spell library was empty.

Dungeon Overview and Level Annotations

Branches:
Dungeon (2/15)

Altars:
The Shining One


Innate Abilities, Weirdness & Mutations

You are resistant to torment.
Your stone body is resilient. (AC +3)
You are immune to poison.
You resist negative energy. (rN+)
You are resistant to electric shocks. (rElec)
You can survive without breathing.
You are immune to petrification.
You are immune to rotting.


Message History

The gnoll is almost dead.
You hit the gnoll.
You kill the gnoll!
Trog accepts your kill. The gnoll barely misses you.
The gnoll hits you but does no damage. The gnoll hits you with a +0 halberd!
* * * LOW HITPOINT WARNING * * *
You see here a +0 halberd.
You slash the gnoll!
The gnoll is almost dead.
You hit the gnoll.
You are no longer berserk.
You are exhausted.
You feel yourself slow down. The gnoll closely misses you.
You slash the gnoll!
You kill the gnoll!
Trog accepts your kill.
You closely miss the gnoll.
The gnoll hits you with a cursed -1 whip.
You die...

#..........
####.#########
####......#
........#.#
####.##.#.########
######### #
#..............#
#........
###..##.#.>#####†#
#.####### ...........#
#)# #.# #####
###........# #@#
#.###....
###........#....)g...#
#......##
...........#.###.###.#
#.###..## #######.####
#.# #........ #.# #.##
#.###.... ##'## #..##
#.# ##.#. ##...## <...
#.# #.#. ##.....##
##.# #.####.#.
##.......## ##.##
#........


You could see a gnoll.

Vanquished Creatures
  3 gnolls (D:2)
  An adder (D:2)
  An ooze (D:2)
  2 worms (D:2)
  2 dart slugs (D:1)
  A leopard gecko (D:1)
  4 giant cockroaches
  6 hobgoblins
  6 jackals (D:2)
  A quokka (D:2)
  A ball python (D:2)
  3 frilled lizards (D:1)
  3 goblins
  2 kobolds
  22 rats
58 creatures vanquished.

Notes
Turn   | Place    | Note
-------+----------+-------------------------------------------
     0 | D:1      | Fang the Gargoyle Berserker began the quest for the Orb.
     0 | D:1      | Reached XP level 1. HP: 14/14 MP: 1/1
   617 | D:1      | Reached XP level 2. HP: 19/19 MP: 2/2
  1244 | D:2      | Reached XP level 3. HP: 24/24 MP: 3/3
  1300 | D:2      | Found a glowing golden altar of the Shining One.
  1388 | D:2      | Reached ** piety under Trog
  1629 | D:2      | Reached XP level 4. HP: 28/29 MP: 4/4
  1899 | D:2      | Reached skill level 4 in Fighting
  1903 | D:2      | HP: 1/43 [gnoll/+0 halberd (8)]
  1905 | D:2      | Slain by a gnoll

Skill      XL: |  1  2  3  4 |
---------------+-------------+-----
Axes           | 3 |  3.3
Dodging        | 2 |  2.3
Armour         | 3 |  3.2
Fighting       | 4 |  4.1

Action                   |  1- 3 |  4- 6 || total
-------------------------+-------+-------++-------
Melee: Hand axe          |   133 |    43 ||   176
Invok: Berserk           |       |     1 ||     1
  Eat: Chunk             |     2 |     1 ||     3
Armor: Animal skin       |     5 |       ||     5
       Chain mail        |    66 |    24 ||    90
Dodge: Dodged            |    57 |    15 ||    72
